 Dungeon Crawl Stone Soup version 0.29.1-12-g30fa7ad0bf (webtiles) character file.

Game seed: 11463735407964793563

56 stormannn the Insei (level 3, -1/28 HPs)
             Began as a Gnoll Transmuter on Dec 31, 2022.
             Slain by Grinder (6 damage)
             ... on level 3 of the Dungeon.
             The game lasted 00:04:48 (1877 turns).

stormannn the Insei (Gnoll Transmuter)              Turns: 1877, Time: 00:04:49

Health: -1/28      AC:  4    Str: 16    XL:     3   Next: 97%
Magic:  9/9        EV: 13    Int: 12    God:
Gold:   111        SH:  0    Dex: 12    Spells: 9/12 levels left

rFire   x . .      SeeInvis .   t - +9 war axe of Maner {vorpal, rF- Str+5 Stlth+}
rCold   . . .      Faith    .   (no shield)
rNeg    . . .      Spirit   .   a - +0 robe
rPois   .          Reflect  .   i - +0 helmet
rElec   .          Harm     .   k - +0 cloak
rCorr   .          Rampage  .   (no gloves)
Will    .....                   (no boots)
Stlth   +++.......              (no amulet)
HPRegen 0.09/turn               (no ring)
MPRegen 0.11/turn               (no ring)

@: no status effects
A: fangs 1, strong nose, distributed training
a: no special abilities


You were on level 3 of the Dungeon.
You visited 1 branch of the dungeon, and saw 3 of its levels.

You collected 111 gold pieces.

Inventory:

Hand Weapons
 m - a +0 rapier
 t - the +9 war axe of Maner (weapon) {vorpal, rF- Str+5 Stlth+}
   (You found it on level 2 of the Dungeon)

   It inflicts extra damage upon your enemies.
   Str:       It affects your strength (+5).
   rF:        It makes you vulnerable to fire.
   Stlth:     It makes you more stealthy.
Missiles
 h - 10 stones
 o - 4 poisoned darts
Armour
 a - a +0 robe (worn)
 e - a +0 scale mail
 i - a +0 helmet (worn)
 k - a +0 cloak (worn)
Jewellery
 u - a ring of willpower
Scrolls
 c - a scroll of brand weapon {unknown}
 d - a scroll of butterflies {unknown}
 g - a scroll of fear {unknown}
 j - 2 scrolls of poison {unknown}
 l - 3 scrolls of identify {unknown}
 n - a scroll of magic mapping {unknown}
 p - a scroll of teleportation {unknown}
Potions
 b - a potion of lignification
 f - a potion of haste {unknown}
 q - a potion of curing {unknown}
 r - a potion of attraction {unknown}
 s - a potion of might {unknown}


   Skills:
 + Level 2.7 Fighting
 + Level 1.0 Short Blades
 + Level 1.0 Long Blades
 + Level 1.0 Axes
 + Level 1.0 Maces & Flails
 + Level 1.0 Polearms
 + Level 1.0 Staves
 + Level 1.0 Ranged Weapons
 + Level 1.0 Throwing
 + Level 1.0 Armour
 + Level 4.6 Dodging
 + Level 1.0 Stealth
 + Level 1.0 Shields
 + Level 6.5 Unarmed Combat
 + Level 5.0 Spellcasting
 + Level 0.7 Conjurations
 + Level 0.7 Hexes
 + Level 0.7 Summonings
 + Level 0.7 Necromancy
 + Level 0.7 Translocations
 + Level 3.8 Transmutations
 + Level 0.7 Fire Magic
 + Level 0.7 Ice Magic
 + Level 0.7 Air Magic
 + Level 0.7 Earth Magic
 + Level 0.7 Poison Magic
 + Level 1.1 Invocations
 + Level 1.0 Evocations


You had 9 spell levels left.
You knew the following spells:

 Your Spells              Type           Power      Damage    Failure   Level
a - Beastly Appendage     Tmut           24%        N/A       4%          1
b - Wereblood             Tmut           12%        N/A       6%          2

Your spell library contained the following spells:

 Spells                   Type           Power      Damage    Failure   Level
 Summon Small Mammal      Summ           16%        N/A       14%         1
 Spider Form              Tmut/Pois      8%         N/A       24%         3
 Call Canine Familiar     Summ           4%         N/A       41%         3
 Summon Guardian Golem    Hex/Summ       4%         N/A       41%         3
 Ice Form                 Ice/Tmut       8%         N/A       61%         4


Dungeon Overview and Level Annotations

Branches:
Dungeon (3/15)

Altars:

Annotations:
D:3 Grinder


Innate Abilities, Weirdness & Mutations

You have very sharp teeth.
Your uncanny sense of smell can sniff out nearby items.
Your experience applies equally to all skills.


Message History

Grinder comes into view.
The kobold hits you with a +0 dagger. The hobgoblin hits you.
You hit the hobgoblin.
The hobgoblin is almost dead.
You slash the kobold!
You kill the kobold!
The hobgoblin hits you. The hobgoblin closely misses you.
You hit the hobgoblin.
You kill the hobgoblin!
Your transformation is almost over.
The kobold hits you with a +0 dagger.
You see here a hobgoblin corpse.
You barely miss the kobold. Your kick misses the kobold.
Grinder blinks!
The kobold misses you. The kobold hits you but does no damage.
You slice the kobold!!
You kill the kobold!
Grinder gestures at you. Pain shoots through your body!
You slash Grinder! Your kick misses Grinder. Your headbutt misses Grinder.
You bite Grinder, but do no damage.
Grinder is moderately wounded.
Grinder gestures at you.
You suddenly lose the ability to move!
Grinder gestures at you. Pain shoots through your body!
* * * LOW HITPOINT WARNING * * *
Grinder blinks!
Your horns disappear.
Your talons disappear.
Your +0 helmet unmelds from your body.
Grinder gestures at you. You resist with significant effort.
You can move again.
Unknown command.
Okay, then.
You slice Grinder!!
Grinder is almost dead.
Grinder hits you.
* * * LOW HITPOINT WARNING * * *
You writhe in agony.
You die...

#.## ....# 8.8# ...#
#.###########..#
#.##8##8##8##..# #
....†.......'..########..
#.##8##8##8##............
#.###########............
8.8# #......)5†)......
#.## .........@).......
#.## ##..............##
8.8# ######.........#
#.## #.........# #.##
#........... 8.8#
#........... #.##
#........... #'#
#.......... ..#
#..........


You could see Grinder.

Vanquished Creatures
  3 adders (D:2)
  4 bats
  An endoplasm (D:3)
  2 giant cockroaches
  3 goblins (D:2)
  A hobgoblin (D:3)
  7 kobolds
  4 ball pythons
  A frilled lizard (D:1)
  6 rats
32 creatures vanquished.

Notes
Turn   | Place    | Note
-------+----------+-------------------------------------------
     0 | D:1      | stormannn the Gnoll Transmuter began the quest for the Orb.
     0 | D:1      | Reached XP level 1. HP: 17/17 MP: 6/6
   400 | D:1      | Reached XP level 2. HP: 18/23 MP: 5/7
  1043 | D:2      | Learned a level 2 spell: Wereblood
  1107 | D:2      | Reached skill level 5 in Spellcasting
  1107 | D:2      | Reached XP level 3. HP: 28/28 MP: 6/9
  1363 | D:2      | Identified the +9 war axe of Maner {vorpal, rF- Str+5
                  | Stlth+}
  1513 | D:2      | Reached skill level 1 in Invocations
  1571 | D:2      | Reached skill level 1 in Short Blades
  1571 | D:2      | Reached skill level 1 in Long Blades
  1571 | D:2      | Reached skill level 1 in Axes
  1571 | D:2      | Reached skill level 1 in Maces & Flails
  1571 | D:2      | Reached skill level 1 in Polearms
  1571 | D:2      | Reached skill level 1 in Staves
  1571 | D:2      | Reached skill level 1 in Ranged Weapons
  1571 | D:2      | Reached skill level 1 in Throwing
  1571 | D:2      | Reached skill level 1 in Armour
  1571 | D:2      | Reached skill level 1 in Stealth
  1571 | D:2      | Reached skill level 1 in Shields
  1571 | D:2      | Reached skill level 1 in Evocations
  1863 | D:3      | Noticed Grinder
  1871 | D:3      | Paralysed by Grinder for 5 turns
  1877 | D:3      | Slain by Grinder

Illustrated notes

Levels and vault maps discovered:
D:1:      mrwooster_arrival_statue, layout_loops_ring
D:2:      layout_loops_ring
D:3:      layout_basic, shapermc_ecumenical_altar_petra, dk_noncrumbling_2,
          uniq_grinder, uniq_sigmund

Skill      XL: |  1  2  3 |
---------------+----------+-----
Spellcasting   | 5 |  5.0
Invocations    | 1 |  1.1
Short Blades   | 1 |  1.0
Long Blades    | 1 |  1.0
Axes           | 1 |  1.0
Maces & Flails | 1 |  1.0
Polearms       | 1 |  1.0
Staves         | 1 |  1.0
Ranged Weapons | 1 |  1.0
Throwing       | 1 |  1.0
Armour         | 1 |  1.0
Stealth        | 1 |  1.0
Shields        | 1 |  1.0
Evocations     | 1 |  1.0
Fighting       | |  2.7
Dodging        | |  4.6
Unarmed Combat | |  6.5
Conjurations   | |  0.7
Hexes          | |  0.7
Summonings     | |  0.7
Necromancy     | |  0.7
Translocations | |  0.7
Transmutations | |  3.8
Fire Magic     | |  0.7
Ice Magic      | |  0.7
Air Magic      | |  0.7
Earth Magic    | |  0.7
Poison Magic   | |  0.7

Action                   || total
-------------------------++-------
Melee: Short sword       ||    35
       Kick              ||     8
       Bite              ||     4
       Unarmed           ||     1
       Rapier            ||    20
       Punch             ||     3
       Headbutt          ||     2
       War axe           ||    20
 Cast: Beastly Appendage ||    22
 Stab: Sleeping          ||     3
Armor: Robe              ||    23
Dodge: Dodged            ||    53
